 Dungeon Crawl Stone Soup version 0.30-a0-223-gcb0039aa0c (webtiles) character file.

Game seed: 1437549568478719842

1262 qw the Chopper (level 8, -8/49 HPs)
             Began as a Gargoyle Fighter on Oct 9, 2022.
             Mangled by Duvessa
             ... wielding a +2 short sword of speed
              (10 damage)
             ... on level 5 of the Dungeon.
             The game lasted 00:01:21 (2671 turns).

qw the Chopper (Gargoyle Fighter)                   Turns: 2671, Time: 00:01:21

Health: -8/49      AC: 17    Str: 22    XL:     8   Next: 52%
Magic:  8/8        EV:  8    Int:  9    God:
Gold:   266        SH:  9    Dex:  9    Spells: 7/7 levels left

rFire   . . .      SeeInvis .    Y - +1 war axe
rCold   . . .      Faith    .    g - +0 kite shield
rNeg    + . .      Spirit   .    b - +0 scale mail
rPois   inf        Reflect  .    (no helmet)
rElec   +          Harm     .    l - scarf {repulsion}
rCorr   .          Rampage  .    (no gloves)
Will    .....                    m - +0 pair of boots
Stlth   ..........               (no amulet)
HPRegen 0.28/turn                e - +4 ring of protection
MPRegen 0.11/turn                (no ring)

@: repel missiles
A: sickness immunity, AC +5, negative energy resistance 1, electricity
resistance, torment resistance 1, petrification resistance
a: no special abilities


You were on level 5 of the Dungeon.
You visited 1 branch of the dungeon, and saw 5 of its levels.

You collected 266 gold pieces.


Innate Abilities, Weirdness & Mutations

You are immune to sickness and miasma.
Your stone body is resilient. (AC +5)
You are immune to poison.
You resist negative energy. (rN+)
You are resistant to electric shocks. (rElec)
You are resistant to unholy torment.
You are immune to petrification.


   Skills:
 - Level 5.0 Fighting
 - Level 7.3 Axes
 - Level 3.2 Armour
 - Level 1.7 Dodging
 + Level 6.0 Shields


You had 7 spell levels left.
You didn't know any spells.
Your spell library was empty.

Inventory:

Hand Weapons
 c - a +0 flail
 Y - a +1 war axe (weapon)
Missiles
 a - a boomerang (quivered)
Armour
 b - a +0 scale mail (worn)
 g - a +0 kite shield (worn)
 l - a scarf of repulsion (worn)
 m - a +0 pair of boots (worn)
Jewellery
 e - a +4 ring of protection (left hand)
Scrolls
 s - 2 scrolls of identify
Potions
 d - a potion of might
 f - a potion of magic {unknown}
 k - a potion of heal wounds {unknown}
 r - a potion of attraction {unknown}

Dungeon Overview and Level Annotations

Branches:
Dungeon (6/15)
 Temple: D:4-7

Altars:
Dithmenos
Nemelex Xobeh
Uskayaw
Xom

Annotations:
D:5 Duvessa


Message History

Dowan casts a spell at you. You resist with some effort.
Duvessa closely misses you. Dowan gestures at you while chanting.
The puff of frost hits you but does no damage.
You hit Duvessa.
Duvessa is heavily wounded.
Duvessa hits you with a +2 short sword of speed. x2
Duvessa hits you but does no damage. Dowan casts a spell at you.
You block the puff of frost.
Duvessa hits you with a +2 short sword of speed.
You barely miss Duvessa.
Duvessa is heavily wounded.
Duvessa barely misses you.
Duvessa hits you with a +2 short sword of speed!
Duvessa hits you but does no damage.
You slash Dowan!
You kill Dowan!
Duvessa weeps, and shakes her weapon.
Duvessa goes berserk!
You barely miss Duvessa. You block Duvessa's attack.
Duvessa hits you with a +2 short sword of speed!
Duvessa barely misses you.
Your Fighting skill increases to level 5!
You closely miss Duvessa.
Duvessa is heavily wounded.
You block Duvessa's attack.
Duvessa hits you with a +2 short sword of speed.
You hit Duvessa but do no damage.
Duvessa is heavily wounded.
You block Duvessa's attack. Duvessa hits you but does no damage.
Duvessa completely misses you.
You hit Duvessa but do no damage.
Duvessa is heavily wounded.
You block Duvessa's attack. x2
Duvessa hits you with a +2 short sword of speed!
You hit Duvessa.
Duvessa is severely wounded.
Duvessa hits you with a +2 short sword of speed!
You die...

# ##...# ##)). #.
.....# #.... ##
.##....# #..## ..
......# #..##
#.#.....# 8#..#.
......# .##..#.
#....# ...8##..#.
#..?.# #>## #....
#@e.##########....
#.)...............
#.#.#.#.###.......
#.#.#.#...........
###.#.#.###.......
#...............
###.#..#.#.##.##
.#####.#......##.#
#...............%.##


You could see Duvessa (berserk, fast).

Vanquished Creatures
  Prince Ribbit (D:5)
  2 water moccasins (D:6)
  An ice beast (D:6)
  2 black bears (D:6)
  A bullfrog (D:6)
  Blork the orc (D:5)
  A necrophage (D:6)
  Dowan (D:5)
  A hound (D:5)
  An orc priest (D:6)
  Jessica (D:3)
  An iguana (D:6)
  Natasha (thrice) (D:2)
  2 orc wizards (D:5)
  5 adders
  2 worms
  7 orcs
  4 endoplasms
  A giant cockroach (D:1)
  3 goblins
  3 hobgoblins
  6 jackals
  A quokka (D:3)
  A ball python (D:1)
  4 bats (D:1)
  3 frilled lizards
  9 kobolds
  7 rats
75 creatures vanquished.

Notes
Turn   | Place    | Note
-------+----------+-------------------------------------------
     0 | D:1      | qw the Gargoyle Fighter began the quest for the Orb.
     0 | D:1      | Reached XP level 1. HP: 14/14 MP: 1/1
     0 | D:1      | 0 ||| qw: Version: 0.2-a-17-g06abaee
     0 | D:1      | 0 ||| qw: Game counter: 2238
     0 | D:1      | 0 ||| qw: Always use a shield: true
     0 | D:1      | 0 ||| qw: God list: Okawaru
     0 | D:1      | 0 ||| qw: Allow faded altars: false
     0 | D:1      | 0 ||| qw: Do Orc after D:15 true
     0 | D:1      | 0 ||| qw: Do second Lair branch before Depths: true
     0 | D:1      | 0 ||| qw: Lair rune preference: random
     0 | D:1      | 0 ||| qw: Plans: Normal, Zot:1-4, God:TSO, Crypt, Tomb,
                  | Pan, Slime:5, Hells, Abyss, Orb
     0 | D:1      | 0 ||| PLANNING D:1-11
    34 | D:1      | Reached skill level 2 in Axes
    37 | D:1      | 37 ||| Stepping ~*~*~tactically~*~*~ (stealth).
   170 | D:1      | Reached XP level 2. HP: 19/19 MP: 2/2
   199 | D:1      | 199 ||| DROPPING +0 club.
   491 | D:1      | 491 ||| READING scroll labelled NIOTIU MARO.
   492 | D:1      | 492 ||| READING scroll labelled SETUPO RETES.
   593 | D:1      | 593 ||| READING scroll labelled TISIROBRY NEAXTI.
   594 | D:1      | 594 ||| READING scroll labelled MORALAS RUTRO.
   595 | D:1      | 595 ||| DRINKING 2 emerald potions.
   650 | D:2      | Noticed Natasha
   651 | D:2      | 651 ||| Stepping ~*~*~tactically~*~*~ (hiding).
   660 | D:2      | Noticed a crimson imp
   661 | D:2      | Killed Natasha
   662 | D:2      | Reached skill level 3 in Axes
   662 | D:2      | Reached XP level 3. HP: 15/23 MP: 3/3
   767 | D:2      | Reached XP level 4. HP: 28/28 MP: 4/4
   778 | D:2      | 778 ||| Stepping ~*~*~tactically~*~*~ (stealth).
   825 | D:2      | 825 ||| Stepping ~*~*~tactically~*~*~ (stealth).
  1017 | D:2      | Reached skill level 4 in Axes
  1040 | D:2      | Noticed Natasha
  1041 | D:2      | 1041 ||| Stepping ~*~*~tactically~*~*~ (hiding).
  1054 | D:2      | Killed Natasha
  1063 | D:2      | Noticed Natasha
  1064 | D:2      | 1064 ||| FLEEEEING.
  1065 | D:2      | 1065 ||| FLEEEEING.
  1066 | D:2      | 1066 ||| FLEEEEING.
  1067 | D:2      | 1067 ||| FLEEEEING.
  1068 | D:2      | 1068 ||| FLEEEEING.
  1072 | D:2      | Killed Natasha
  1073 | D:2      | Reached XP level 5. HP: 26/32 MP: 5/5
  1273 | D:2      | 1273 ||| UPGRADING to scarf of repulsion.
  1278 | D:2      | 1278 ||| READING scroll labelled JOORYT XUNY.
  1279 | D:2      | 1279 ||| READING scroll labelled JOZ LEPLAVECS.
  1280 | D:2      | 1280 ||| DRINKING 4 orange potions.
  1281 | D:2      | 1281 ||| DROPPING 3 potions of flight.
  1443 | D:3      | Found a faded altar of an unknown god.
  1509 | D:3      | Noticed Jessica
  1516 | D:3      | Killed Jessica
  1517 | D:3      | Reached skill level 5 in Axes
  1593 | D:3      | Found a hide-covered altar of Uskayaw.
  1731 | D:3      | You fall into a shaft and drop 3 floors!
  1767 | D:6      | Reached XP level 6. HP: 23/39 MP: 6/6
  1848 | D:6      | Noticed an ice beast
  1858 | D:6      | Killed an ice beast
  1859 | D:6      | Reached skill level 1 in Dodging
  1862 | D:6      | Noticed a black bear
  1873 | D:6      | HP: 8/39 [black bear (5)]
  1874 | D:6      | Killed a black bear
  1875 | D:6      | Reached XP level 7. HP: 10/44 MP: 7/7
  2129 | D:6      | Reached skill level 6 in Axes
  2153 | D:6      | 2153 ||| Stepping ~*~*~tactically~*~*~ (stealth).
  2154 | D:6      | 2154 ||| Stepping ~*~*~tactically~*~*~ (stealth).
  2170 | D:6      | Reached skill level 7 in Axes
  2170 | D:6      | Reached XP level 8. HP: 21/48 MP: 8/8
  2271 | D:6      | 2271 ||| DROPPING +0 whip.
  2292 | D:6      | 2292 ||| UPGRADING to +0 kite shield.
  2302 | D:6      | 2302 ||| DROPPING +0 buckler.
  2303 | D:6      | 2303 ||| UPGRADING to +0 pair of boots.
  2308 | D:6      | 2308 ||| UPGRADING to +4 ring of protection.
  2309 | D:6      | 2309 ||| DROPPING ring of flight.
  2310 | D:6      | 2310 ||| READING scroll labelled SOWNIVEOMO.
  2311 | D:6      | 2311 ||| READING 2 scrolls labelled YTEPPYLOHE.
  2346 | D:6      | 2346 ||| READING scroll labelled PESENI GEITO.
  2347 | D:6      | 2347 ||| READING scroll labelled CUETENT YJULESOGE.
  2351 | D:6      | 2351 ||| DRINKING 2 lumpy coppery potions.
  2352 | D:6      | 2352 ||| DROPPING potion of invisibility.
  2353 | D:6      | 2353 ||| DROPPING scroll of torment.
  2365 | D:5      | Entered Level 5 of the Dungeon
  2394 | D:5      | Found a shimmering altar of Xom.
  2404 | D:5      | 2404 ||| Stepping ~*~*~tactically~*~*~ (hiding).
  2412 | D:5      | 2412 ||| DRINKING potion of curing.
  2412 | D:5      | 2412 ||| (to cure confusion)
  2454 | D:5      | Found a sparkling altar of Nemelex Xobeh.
  2489 | D:5      | Noticed Blork the orc
  2490 | D:5      | 2490 ||| Stepping ~*~*~tactically~*~*~ (stealth).
  2491 | D:5      | 2491 ||| Stepping ~*~*~tactically~*~*~ (stealth).
  2501 | D:5      | Killed Blork the orc
  2563 | D:5      | Found a shadowy altar of Dithmenos.
  2564 | D:5      | 2564 ||| DROPPING +1 mace of protection.
  2585 | D:5      | Noticed Prince Ribbit
  2586 | D:5      | 2586 ||| Stepping ~*~*~tactically~*~*~ (stealth).
  2646 | D:5      | Killed Prince Ribbit
  2647 | D:5      | Reached skill level 6 in Shields
  2649 | D:5      | Noticed Duvessa
  2650 | D:5      | Noticed Dowan
  2652 | D:5      | 2652 ||| Stepping ~*~*~tactically~*~*~ (hiding).
  2653 | D:5      | 2653 ||| Stepping ~*~*~tactically~*~*~ (hiding).
  2667 | D:5      | Killed Dowan
  2668 | D:5      | HP: 12/49 [Duvessa/+2 short sword of speed (4)]
  2670 | D:5      | HP: 2/49 [Duvessa/+2 short sword of speed (11)]
  2671 | D:5      | Mangled by Duvessa

Levels and vault maps discovered:
D:1:      grunt_arrival_lava_bath, layout_basic
D:2:      layout_rooms, uniq_natasha
D:3:      layout_loops_cross, nicolae_uskayaw_murder_on_the_dancefloor,
          dreamdust_ecumenical_altar_hidden_monk_grotto,
          minmay_misc_feat_enclosed, uniq_jessica, uniq_crazy_yiuf_cottage
D:5:      layout_basic, nicolae_overflow_hidden_temple,
          nicolae_ashenzari_skybound, mainiacjoe_overflow_catch_the_wave,
          uniq_blork_the_orc, uniq_duvessa, uniq_prince_ribbit1
D:6:      layout_basic

Skill      XL: |  1  2  3  4  5  6  7  8 |
---------------+-------------------------+-----
Axes           | 2 3 4 5 7 |  7.3
Fighting       | 4 5 |  5.0
Dodging        | 1 |  1.7
Shields        | 6 |  6.0
Armour         | |  3.2

Action                   |  1- 3 |  4- 6 |  7- 9 || total
-------------------------+-------+-------+-------++-------
Melee: War axe           |    73 |   112 |   100 ||   285
Throw: Boomerang         |       |       |    14 ||    14
  Use: Scroll            |     4 |     2 |     4 ||    10
       Potion            |     1 |     1 |     2 ||     4
Armor: Scale mail        |    43 |    52 |    63 ||   158
Dodge: Dodged            |    54 |    43 |    42 ||   139
       Repelled          |       |       |     1 ||     1
Block: Buckler           |    19 |    27 |     3 ||    49
       Kite shield       |       |       |    33 ||    33

Table legend:
 A = Non-vault XP
 B = Vault XP
 C = Vault XP percentage of total XP
 D = Non-vault monster count
 E = Vault monster count
 F = Vault count percentage of total count
                 A         B        C        D         E       F
            +---------+---------+-------+---------+---------+-------
      Total |    1298 |     506 |  28.0 |      70 |       5 |   6.7
            +---------+---------+-------+---------+---------+-------
        D:1 |      21 |       0 |   0.0 |      15 |       0 |   0.0
        D:2 |     140 |      35 |  20.0 |      21 |       1 |   4.5
        D:3 |      31 |      37 |  54.4 |      10 |       1 |   9.1
        D:5 |     146 |     434 |  74.8 |      11 |       3 |  21.4
        D:6 |     960 |       0 |   0.0 |      13 |       0 |   0.0
            +---------+---------+-------+---------+---------+-------
